 Dungeon Crawl Stone Soup version 0.18.1-50-g88ac8fd (webtiles) character file.

307 LordMavious the Shield-Bearer (level 6, -1/38 HPs)
             Began as a Gargoyle Fighter on Jan 18, 2017.
             Slain by ToNi123's ghost (3 damage)
             ... on level 4 of the Dungeon.
             The game lasted 00:39:14 (4426 turns).

LordMavious the Shield-Bearer (Gargoyle Fighter)    Turns: 4426, Time: 00:39:14

Health: -1/38      AC: 14    Str: 22    XL:     6   Next: 40%
Magic:  6/6        EV:  6    Int:  8    God:
Gold:   133        SH:  9    Dex:  9    Spells: 0 memorised, 5 levels left

rFire  . . .     SeeInvis .     D - +0 hand axe
rCold  . . .     Gourm    .     M - +0 chain mail
rNeg   + . .     Faith    .     c - +0 shield
rPois  ∞         Spirit   .     (no helmet)
rElec  +         Dismiss  +     (no cloak)
rCorr  .         Reflect  .     (no gloves)
SustAt .         Harm     .     (no boots)
MR     .....                    e - amulet of dismissal {Peeenis}
Stlth  ..........               (no ring)
                                (no ring)

@: not resistant to hostile enchantments, extremely unstealthy
A: negative energy resistance 1, electricity resistance, unbreathing,
petrification resistance, rot immunity, AC +4
a: no special abilities


You were on level 4 of the Dungeon.
You were not hungry.

You visited 1 branch of the dungeon, and saw 4 of its levels.

You collected 133 gold pieces.

Inventory:

Hand Weapons
 a - a +0 war axe
 n - a +0 short sword
 t - a +0 mace
 w - a +0 flail
 x - a +0 whip
 D - a +0 hand axe (weapon)
 I - a +0 dagger of draining
Missiles
 m - 147 stones
 q - 26 bolts
 v - 3 tomahawks of returning (quivered)
 z - 6 needles of sleeping
 J - 3 tomahawks
Armour
 c - a +0 shield (worn)
 y - a +0 scale mail
 A - a +0 centaur barding
 B - a +0 ring mail
 L - a +0 ring mail
 M - a +0 chain mail (worn)
Jewellery
 e - an amulet of dismissal (around neck) {Peeenis}
Scrolls
 j - 2 scrolls of teleportation
 l - a scroll of amnesia {unknown}
 p - a scroll of magic mapping
 F - 5 scrolls of remove curse {unknown}
 G - 2 scrolls of identify {unknown}
Potions
 g - a potion of agility
 h - a potion of mutation {unknown}
 i - a potion of cure mutation {unknown}
 k - 3 potions of haste
 C - a potion of invisibility {unknown}
Comestibles
 b - 2 meat rations
 d - 2 chunks of flesh
 f - a bread ration
 o - a beef jerky


   Skills:
 + Level 4.1 Fighting
 + Level 0.1 Short Blades
 + Level 2.4 Axes
 + Level 1.5 Throwing
 + Level 4.5 Armour
 + Level 1.7 Dodging
 + Level 4.8 Shields


You had 5 spell levels left.
You didn't know any spells.

Dungeon Overview and Level Annotations

Branches:
Dungeon (4/15)
 Temple: D:4-7

Altars:
Nemelex Xobeh
Okawaru
Qazlal

Annotations:
D:3 Gorgoleon's ghost, amateur DECj
D:4 ToNi123's ghost, amateur OpCj


Innate Abilities, Weirdness & Mutations

You are resistant to torment.
Your stone body is resilient (AC +4).
You are immune to poison.
You resist negative energy.
You are resistant to electric shocks.
You can survive without breathing.
You are immune to petrification.
You are immune to rotting.


Message History

The ogre is lightly wounded.
You hit the dart slug.
You kill the dart slug!
The ogre hits you with a giant club!
* * * LOW HITPOINT WARNING * * *
ToNi123's ghost closely misses you.
Drink which item? (? for menu, Esc to quit)
You feel much better.
ToNi123's ghost laughs crazily.
ToNi123's ghost casts a spell at you. The magic dart hits you!
You block the ogre's attack.
You closely miss ToNi123's ghost.
ToNi123's ghost is moderately damaged.
You hit the ogre.
The ogre is lightly wounded.
ToNi123's ghost closely misses you. The ogre hits you with a giant club!
* * * LOW HITPOINT WARNING * * *
Your amulet of dismissal {Peeenis} vibrates suddenly!
The ogre disappears!
ToNi123's ghost hits you.
You die...

.........#..#
....÷....##..######.##.
..§§...............$..#
.≈§§≈§≈.§.............##
≈§####≈§...........$...#
≈## ##§.§...#.......#.#
≈# #§§...#⌠.....$.... §#
#≈.....#..W....... ≈##
##≈........@§.$.?#
§≈####§≈.........#....#
.≈§≈≈≈≈.........## ..!#
...............## ###
.........##....#
.........#...(##
.............##
....#.......##
...#⌠#.....##


You could see ToNi123's ghost.

Vanquished Creatures
  A scorpion (D:4)
  A crimson imp (D:3)
  2 orc wizards (D:3)
  A centaur skeleton (D:4)
  Natasha (D:3)
  3 adders
  2 oozes (D:3)
  6 dart slugs
  A giant gecko (D:4)
  5 orcs (D:3)
  A ball python (D:3)
  8 bats
  2 giant cockroaches
  8 goblins
  9 hobgoblins
  7 kobolds
  A giant gecko skeleton (D:4)
  A giant newt (D:3)
  A quokka skeleton (D:4)
  8 rats
69 creatures vanquished.

Notes
Turn   | Place    | Note
--------------------------------------------------------------
     0 | D:1      | LordMavious the Gargoyle Fighter began the quest for the Orb.
     0 | D:1      | Reached XP level 1. HP: 14/14 MP: 1/1
   146 | D:1      | Reached XP level 2. HP: 18/19 MP: 2/2
   698 | D:1      | Reached XP level 3. HP: 22/24 MP: 3/3
  1638 | D:2      | Found an iron altar of Okawaru.
  1987 | D:2      | Found a sparkling altar of Nemelex Xobeh.
  1987 | D:2      | Found a stormy altar of Qazlal.
  2444 | D:3      | Reached XP level 4. HP: 29/29 MP: 4/4
  2503 | D:3      | Reached skill level 1 in Dodging
  2883 | D:3      | Reached XP level 5. HP: 29/33 MP: 5/5
  3197 | D:3      | Reached skill level 1 in Throwing
  3285 | D:3      | Noticed Gorgoleon's ghost (amateur DECj)
  3693 | D:3      | Noticed Natasha
  3701 | D:3      | Killed Natasha
  3938 | D:3      | HP: 1/33 [Gorgoleon's ghost/magic dart (3)]
  3954 | D:4      | Reached XP level 6. HP: 29/38 MP: 6/6
  4409 | D:4      | Noticed ToNi123's ghost (amateur OpCj)
  4424 | D:4      | HP: 1/38 [ogre/giant club (16)]
  4426 | D:4      | Slain by ToNi123's ghost

Skill      XL: |  1  2  3  4  5 |
---------------+----------------+-----
Axes           | 2 |  2.4
Dodging        | 1 |  1.7
Armour         | 4 |  4.5
Shields        | 4 |  4.8
Fighting       | 4 |  4.1
Throwing       | 1 |  1.5
Short Blades   | |  0.1

Action                   |  1- 3 |  4- 6 || total
-------------------------+-------+-------++-------
Melee: War axe           |   130 |    46 ||   176
       Dagger            |       |   118 ||   118
       Hand axe          |       |   128 ||   128
Throw: Stone             |    33 |    37 ||    70
       Tomahawk          |    13 |     9 ||    22
  Use: Scroll            |     4 |     1 ||     5
       Potion            |     3 |    12 ||    15
  Eat: Fruit             |     3 |     1 ||     4
       Chunk             |     2 |     2 ||     4
       Bread ration      |       |     1 ||     1
       Royal jelly       |       |     1 ||     1
       Pizza             |       |     1 ||     1
Armor: Scale mail        |   109 |    97 ||   206
       Chain mail        |       |    93 ||    93
Dodge: Dodged            |    80 |    80 ||   160
Block: Shield            |   111 |   150 ||   261
